 Dungeon Crawl Stone Soup version 0.28.0-62-gf88900778d (webtiles) character file.

Game seed: 17031247669590107439

26 cbfl8 the Skirmisher (level 2, -4/24 HPs)
             Began as a Demonspawn Berserker on Sept 12, 2023.
             Was a Follower of Trog.
             Engulfed by a cloud of flame (28 damage)
             ... on level 1 of the Dungeon.
             The game lasted 00:00:48 (1516 turns).

cbfl8 the Skirmisher (Demonspawn Berserker)         Turns: 1516, Time: 00:00:48

Health: -4/24      AC:  4    Str: 17    XL:     2   Next: 89%
Magic:  2/2        EV: 12    Int:  8    God:    Trog [*.....]
Gold:   15         SH:  0    Dex: 12    Spells: 1/1 levels left

rFire   . . .      SeeInvis .   a - +0 hand axe
rCold   . . .      Faith    .   (no shield)
rNeg    . . .      Spirit   .   b - +0 animal skin
rPois   .          Reflect  .   (no helmet)
rElec   .          Harm     .   (no cloak)
rCorr   .          Rampage  .   (no gloves)
Will    .....                   (no boots)
Stlth   +.........              (no amulet)
HPRegen 0.08/turn               (no ring)
MPRegen 0.08/turn               (no ring)

@: no status effects
A: icy blue scales 1
a: Renounce Religion, Berserk


You were on level 1 of the Dungeon.
You worshipped Trog.
Trog was aware of your devotion.
You visited 1 branch of the dungeon, and saw 1 of its levels.

You collected 15 gold pieces.

Inventory:

Hand Weapons
 a - a +0 hand axe (weapon)
Armour
 b - a +0 animal skin (worn)
Scrolls
 c - a scroll of identify {unknown}
 f - a scroll of amnesia {unknown}
Potions
 d - a potion of degeneration {unknown}
 e - a potion of heal wounds {unknown}


   Skills:
 + Level 3.5 Fighting
 + Level 3.0 Axes
 + Level 2.0 Armour
 - Level 1.7 Dodging
 * Level 1.0 Evocations


You had one spell level left.
You didn't know any spells.
Your spell library was empty.

Dungeon Overview and Level Annotations

Branches:
Dungeon (1/15)

Altars:


Innate Abilities, Weirdness & Mutations

You are partially covered in icy blue scales. (AC +2)


Message History

A kobold is nearby!
You hit the kobold but do no damage.
The kobold is severely wounded.
The kobold misses you.
A kobold is nearby!
You miss the kobold.
The kobold is severely wounded.
The kobold barely misses you.
A kobold is nearby!
You hit the kobold.
You kill the kobold!
Trog accepts your kill.
Things that are here:
a +0 whip; a kobold corpse No target in view!
A bat comes into view.
The bat barely misses you.
A bat is nearby!
You slash the bat!
You kill the bat!
Trog accepts your kill.
There is an open door here.
Key pressed, stopping explore.
No target in view!
Partly explored, can't reach some items.
No target in view!
Partly explored, can't reach some items.
No target in view!
Partly explored, can't reach some items.
No target in view!
Partly explored, can't reach some items.
No target in view!
Search for what [? for help]? .
Okay, then.
Really walk into a travel-excluded area? [Y]es or [N]o only, please.
Really walk into a travel-excluded area?
You are engulfed in blazing flames.
Ouch! That really hurt!
You die...

#.#.#.# #.§.# #..#########
#.#.#.#####...#####...).......
#.#.#..○§§.?!$.°§☼...#########
#.#.#..§§§.$...§.°...#
#.#.#..§§..$.$.§§§...# ##
#.#...#####...#####..# #.
#.#...# #§§§# #..# #. #.#...#
#§○.# #..########. #.#...#
#..@# #........### ##.#...#
#...#####........#
#......######..#.......)....#
####...........#............#
##.##########............# #.#
#............# #.#####
#............###
#.....######.#.##########..
#............#.##.......'..


There were no monsters in sight!

Vanquished Creatures
  2 dart slugs (D:1)
  A giant cockroach (D:1)
  A hobgoblin (D:1)
  3 kobolds (D:1)
  2 quokkas (D:1)
  4 ball pythons (D:1)
  3 bats (D:1)
  2 frilled lizards (D:1)
  3 goblins (D:1)
  2 rats (D:1)
23 creatures vanquished.

Notes
Turn   | Place    | Note
-------+----------+-------------------------------------------
     0 | D:1      | cbfl8 the Demonspawn Berserker began the quest for the Orb.
     0 | D:1      | Reached XP level 1. HP: 18/18 MP: 1/1
   304 | D:1      | Gained mutation: You are partially covered in icy blue
                  | scales. (AC +2) [demonic ancestry]
   304 | D:1      | Reached XP level 2. HP: 21/24 MP: 2/2
   431 | D:1      | Found a faded altar of an unknown god.
   584 | D:1      | HP: 1/24 [constriction (1)]
  1123 | D:1      | Reached skill level 1 in Evocations
  1516 | D:1      | Engulfed by a cloud of flame

Illustrated notes

Levels and vault maps discovered:
D:1:      dpeg_arrival_central, layout_basic,
          hellmonk_ecumenical_altar_pennies_from_heaven, lemuel_flame_loot_1

Skill      XL: |  1  2 |
---------------+-------+-----
Armour         | 2 |  2.0
Axes           | 3 |  3.0
Evocations     | 1 |  1.0
Fighting       | |  3.5
Dodging        | |  1.7

Action                   || total
-------------------------++-------
Melee: Hand axe          ||    68
       Punch             ||     1
 Stab: Sleeping          ||     2
Armor: Animal skin       ||    17
Dodge: Dodged            ||    40
